 Dungeon Crawl Stone Soup version 0.31-a0-408-gb642c7f9a3 (webtiles) character file.

Game seed: 10583086955563296696

18296 zazu2006 the Thaumaturge (level 12, -17/94 HPs)
             Began as a Gnoll Wanderer on July 29, 2023.
             Was an Elder of Vehumet.
             Demolished by a reaper
             ... wielding a +1 scythe of freezing
              (36 damage)
             ... in an ice cave.
             The game lasted 00:41:44 (15957 turns).

zazu2006 the Thaumaturge (Gnoll Wanderer)          Turns: 15957, Time: 00:41:45

Health: -17/94     AC: 20    Str: 13    XL:     12   Next: 57%
Magic:  2/27       EV: 14    Int: 16    God:    Vehumet [****..]
Gold:   1636       SH:  0    Dex: 13    Spells: 17/34 levels left

rFire   . . .        L - +3 morningstar (flame)
rCold   + . .        (no shield)
rNeg    . . .        M - +0 swamp dragon scales
rPois   +            e - +2 helmet
rElec   .            h - +2 cloak {Stlth+}
rCorr   .            (no gloves)
SInv    +            q - +0 pair of boots "Izohiel" {Int+2}
Will    .....        (no amulet)
Stlth   ++++         w - ring of see invisible
HPRegen 0.35/turn    (no ring)
MPRegen 0.20/turn

%: no passive effects
@: no status effects
A: fangs 1, strong nose, distributed training, iridescent scales 1, cold
resistance 1
a: Renounce Religion


You were in an ice cave.
You worshipped Vehumet.
Vehumet was greatly pleased with you.
You visited 1 branch of the dungeon, and saw 12 of its levels.
You also visited: Ice Cave.

You collected 1636 gold pieces.

Inventory:

Hand Weapons
 y - a +3 scimitar
 L - a +3 morningstar of flaming (weapon)
Missiles
 p - 38 poisoned darts (quivered)
Armour
 d - a +0 chain mail
 e - a +2 helmet (worn)
 h - a +2 cloak of stealth (worn)
 q - the +0 pair of boots "Izohiel" (worn) {Int+2}
   (You found it on level 3 of the Dungeon)

   Int:       It affects your intelligence (+2).
 x - an orb of guile
 z - the +5 leather armour "Emafung" {rC- rN+ Int+4}
   (You found it on level 7 of the Dungeon)

   Int:       It affects your intelligence (+4).
   rC:        It makes you vulnerable to cold.
   rN:        It protects you from negative energy.
 F - +0 steam dragon scales
 G - a +2 kite shield
 M - +0 swamp dragon scales (worn)
Magical Staves
 I - the staff of zazu2006's Quick Death {rElec rF+ Str+6 Int-3 Dex+2 Air}
   (You found it on level 8 of the Dungeon)

   [staff of air]

   Base accuracy: +5 Base damage: 5 Base attack delay: 1.2 This weapon's minimum
   attack delay (0.6) is reached at skill level 12.
   Str:       It affects your strength (+6).
   Int:       It affects your intelligence (-3).
   Dex:       It affects your dexterity (+2).
   rF:        It protects you from fire.
   rElec:     It insulates you from electricity.
   Air:       It increases the power of your Air spells.
   It falls into the 'Staves' category.
   It is a one-handed weapon.
Jewellery
 w - a ring of see invisible (left hand)
Wands
 r - a wand of roots (9)
 B - a wand of paralysis (16)
Scrolls
 b - 2 scrolls of fog
 c - 4 scrolls of fear
 j - 2 scrolls of identify
 k - 4 scrolls of enchant armour
 m - 2 scrolls of immolation
 s - a scroll of torment
 t - a scroll of teleportation
 C - 2 scrolls of amnesia
 D - 2 scrolls of poison
 E - 3 scrolls of enchant weapon
Potions
 a - a potion of magic
 f - a potion of might
 g - 4 potions of lignification
 i - 2 potions of berserk rage
 l - 2 potions of haste
 n - 4 potions of brilliance
 o - 3 potions of mutation
 v - a potion of degeneration {unknown}
 H - 2 potions of heal wounds
 J - a potion of cancellation
 K - a potion of curing
 N - a potion of enlightenment


   Skills:
 + Level 8.9 Fighting
 + Level 7.5 Short Blades
 + Level 7.5 Long Blades
 + Level 7.5 Axes
 + Level 7.5 Maces & Flails
 + Level 7.5 Polearms
 + Level 7.5 Staves
 + Level 7.5 Ranged Weapons
 + Level 7.5 Throwing
 + Level 8.9 Armour
 + Level 8.9 Dodging
 + Level 7.5 Stealth
 + Level 7.5 Shields
 + Level 7.5 Unarmed Combat
 + Level 11.9 Spellcasting
 + Level 6.2 Conjurations
 + Level 6.2 Hexes
 + Level 6.2 Summonings
 + Level 6.2 Necromancy
 + Level 6.2 Translocations
 + Level 6.2 Transmutations
 + Level 6.2 Fire Magic
 + Level 6.2 Ice Magic
 + Level 6.2 Air Magic
 + Level 6.2 Earth Magic
 + Level 6.2 Poison Magic
 + Level 8.3 Invocations
 + Level 7.5 Evocations
 + Level 6.2 Shapeshifting


You had 17 spell levels left.
You knew the following spells:

 Your Spells              Type           Power      Damage    Failure   Level
a - Foxfire               Conj/Fire      100%       2x1d9     1%          1
b - Mephitic Cloud        Conj/Pois/Air  29%        N/A       1%          3
c - Stone Arrow           Conj/Erth      58%        3d10      1%          3
d - Irradiate             Conj/Tmut      14%        3d16      8%          5
e - Fireball              Conj/Fire      14%        3d8       8%          5

Your spell library contained the following spells:

 Spells                   Type           Power      Damage    Failure   Level
 Sandblast                Erth           58%        2d13      1%          1
 Cigotuvi's Dreadful Rot  Necr/Pois/Air  58%        N/A       1%          2
 Passwall                 Tmut/Erth      24%        N/A       1%          2
 Poisonous Vapours        Pois/Air       58%        N/A       1%          2
 Freezing Cloud           Conj/Ice/Air   14%        6-21      8%          5
 Animate Armour           Summ/Erth      58%        N/A       11%         4


Dungeon Overview and Level Annotations

Branches:
Dungeon (12/15)            Temple (0/1) D:6            Lair (0/5) D:10
  IceCv (1/1)
    Orc: D:9-12

Altars:
Cheibriados
Hepliaklqana
Makhleb
Nemelex Xobeh
Okawaru
Uskayaw
Vehumet
The Shining One

Shops:
D:11 :


Innate Abilities, Weirdness & Mutations

You have very sharp teeth.
Your uncanny sense of smell can sniff out nearby items.
Your experience applies equally to all skills.
You are partially covered in iridescent scales. (AC +2)
Your flesh is cold resistant. (rC+)


Message History

The grasping roots constrict the reaper!
The reaper struggles to escape constriction.
Casting: Fireball (dangerous; 8% risk of failure)
Confirm with . or Enter, or press ? or * to list all spells.
Aiming: Fireball (dangerous; 8% risk of failure)
Press: ? - help, Shift-Dir - straight line, f/p - reaper
Aim: a reaper, wielding a +1 scythe of freezing (heavily wounded, constricted by roots)
The fireball explodes!
The fireball engulfs the reaper but does no damage.
The reaper is heavily wounded.
The grasping roots constrict the reaper!
The reaper struggles to escape constriction.
Casting: Fireball (dangerous; 8% risk of failure)
Confirm with . or Enter, or press ? or * to list all spells.
Aiming: Fireball (dangerous; 8% risk of failure)
Press: ? - help, Shift-Dir - straight line, f/p - reaper
Aim: a reaper, wielding a +1 scythe of freezing (severely wounded, constricted by roots)
The fireball explodes!
The fireball engulfs the reaper.
The reaper is severely wounded.
The grasping roots constrict the reaper!
The roots release their grip on the reaper.
Casting: Fireball (dangerous; 8% risk of failure)
Confirm with . or Enter, or press ? or * to list all spells.
Aiming: Fireball (dangerous; 8% risk of failure)
Press: ? - help, Shift-Dir - straight line, f/p - reaper
Aim: a reaper, wielding a +1 scythe of freezing (almost dead)
The fireball explodes!
The fireball engulfs the reaper but does no damage.
The reaper is almost dead.
The reaper hits you from afar with a +1 scythe of freezing!!
The reaper freezes you. The reaper beckons to you.
The reaper hits you with a +1 scythe of freezing!!!
* * * LOW HITPOINT WARNING * * *
The reaper freezes you!
* * * LOW HITPOINT WARNING * * *
You hit the reaper. You burn the reaper.
The reaper is almost dead.
The reaper hits you with a +1 scythe of freezing!!!
You die...

###.....### #.'.........'.#
##.........# #.#####'#####.#
##.........#### #.#.#.#.#.#.##
#..........#.⌠# ###'#'#.#'#'#.8#
##.........#.)+ #.'.........#...
##..........########.8.8.8.8.#.##
..............#..............#.#)
........⌠.....'..............'.#.
..............#.@2...........#.#[
##..........########.8.8.8.8.#.##
###.........#.[+ #.'.........#...
#..........#.⌠# ###'#'#.#'#'#.8#
##.........#### #.#.#.#.#.#.##
##.........# #.#####'#####.#
###.....### #.'.........+.#
####### ###############


You could see a reaper.

Vanquished Creatures
  A two-headed ogre (D:10)
  2 manticores (D:11)
  Joseph (D:10)
  2 ice statues (IceCv)
  Maggie (D:10)
  A rime drake (D:10)
  Psyche (D:11)
  7 ice devils (IceCv)
  4 anaconda simulacra (IceCv)
  A polar bear (D:12)
  A troll (D:11)
  2 hornets
  A vampire (D:10)
  3 shadows
  A wraith (D:9)
  26 yaks
  A wyvern (D:9)
  A basilisk (D:11)
  2 steam dragons (D:8)
  4 harpy simulacra (IceCv)
  2 vampire mosquitoes (D:11)
  2 acid dragons
  A water moccasin (D:6)
  2 hydra simulacra (IceCv)
  4 ice beasts
  2 orc warriors
  6 ogres
  A black bear (D:7)
  4 wolves
  2 phantoms (D:6)
  3 centaurs
  3 kobold brigands
  10 scorpions
  5 bullfrogs
  4 gnoll sergeants
  5 wights
  14 killer bees
  A howler monkey (D:9)
  4 jellies
  5 hounds
  Crazy Yiuf (D:6)
  2 orc priests
  A gnoll bouda (D:6)
  8 iguanas
  8 orc wizards
  A polar bear simulacrum (IceCv)
  A troll simulacrum (IceCv)
  10 adders
  21 gnolls
  2 naga simulacra (IceCv)
  3 shadow imps
  2 white imps
  4 ufetubi
  3 worms
  3 dart slugs
  26 orcs
  4 ball pythons
  7 endoplasms
  5 giant cockroaches
  11 hobgoblins
  2 jackals (D:3)
  7 quokkas
  6 bats
  7 frilled lizards
  12 goblins
  17 kobolds
  5 rats
322 creatures vanquished.

Vanquished Creatures (others)
  184 foxfires
184 creatures vanquished.

Grand Total: 506 creatures vanquished

Notes
Turn   | Place    | Note
-------+----------+-------------------------------------------
     0 | D:1      | Reached skill level 9 in Spellcasting
     0 | D:1      | zazu2006 the Gnoll Wanderer began the quest for the Orb.
     0 | D:1      | zazu2006 set off with the following items: a +0 club, a
                  | scroll of fog, a scroll of fear, a +0 chain mail; and the
                  | following spells available to memorise: Cigotuvi's Dreadful
                  | Rot, Poisonous Vapours.
     0 | D:1      | Reached XP level 1. HP: 20/20 MP: 10/10
    73 | D:1      | Reached XP level 2. HP: 17/26 MP: 12/12
   459 | D:1      | Reached XP level 3. HP: 28/31 MP: 13/13
  1108 | D:2      | Reached skill level 1 in Invocations
  1258 | D:2      | Reached skill level 1 in Short Blades
  1258 | D:2      | Reached skill level 1 in Long Blades
  1258 | D:2      | Reached skill level 1 in Axes
  1258 | D:2      | Reached skill level 1 in Maces & Flails
  1258 | D:2      | Reached skill level 1 in Polearms
  1258 | D:2      | Reached skill level 1 in Staves
  1258 | D:2      | Reached skill level 1 in Ranged Weapons
  1258 | D:2      | Reached skill level 1 in Throwing
  1258 | D:2      | Reached skill level 1 in Stealth
  1258 | D:2      | Reached skill level 1 in Shields
  1258 | D:2      | Reached skill level 1 in Unarmed Combat
  1258 | D:2      | Reached skill level 1 in Evocations
  1324 | D:2      | Reached XP level 4. HP: 38/38 MP: 15/15
  1529 | D:2      | Got the Quarto of Exothermic Production
  1532 | D:2      | Learned a level 1 spell: Foxfire
  1655 | D:3      | Identified the +0 pair of boots "Izohiel" {Int+2}
  1694 | D:3      | Reached skill level 1 in Conjurations
  1694 | D:3      | Reached skill level 1 in Hexes
  1694 | D:3      | Reached skill level 1 in Summonings
  1694 | D:3      | Reached skill level 1 in Necromancy
  1694 | D:3      | Reached skill level 1 in Translocations
  1694 | D:3      | Reached skill level 1 in Transmutations
  1694 | D:3      | Reached skill level 1 in Fire Magic
  1694 | D:3      | Reached skill level 1 in Ice Magic
  1694 | D:3      | Reached skill level 1 in Air Magic
  1694 | D:3      | Reached skill level 1 in Earth Magic
  1694 | D:3      | Reached skill level 1 in Poison Magic
  1694 | D:3      | Reached skill level 1 in Shapeshifting
  1823 | D:3      | Reached XP level 5. HP: 24/43 MP: 16/16
  1906 | D:3      | Found a hide-covered altar of Uskayaw.
  2303 | D:3      | Found a faded altar of an unknown god.
  2899 | D:4      | Reached XP level 6. HP: 50/50 MP: 16/18
  2934 | D:4      | Found a glowing golden altar of the Shining One.
  3009 | D:4      | Reached skill level 5 in Fighting
  3009 | D:4      | Reached skill level 5 in Armour
  3009 | D:4      | Reached skill level 5 in Dodging
  3461 | D:4      | Reached XP level 7. HP: 9/56 MP: 20/20
  3750 | D:5      | Entered Level 5 of the Dungeon
  3773 | D:5      | You fall into a shaft and drop 1 floor!
  3820 | D:6      | Found a sparkling altar of Nemelex Xobeh.
  3820 | D:6      | Found a radiant altar of Vehumet.
  3827 | D:6      | Became a worshipper of Vehumet
  4082 | D:6      | Reached XP level 8. HP: 40/63 MP: 21/21
  4102 | D:6      | HP: 4/94 [killer bee (5)]
  4423 | D:6      | Found a staircase to the Ecumenical Temple.
  4931 | D:5      | Reached skill level 10 in Spellcasting
  5973 | D:6      | Reached XP level 9. HP: 69/69 MP: 23/23
  6018 | D:6      | Reached * piety under Vehumet
  6018 | D:6      | Offered knowledge of Shock by Vehumet.
  7252 | D:6      | Reached skill level 5 in Invocations
  7480 | D:6      | Offered knowledge of Static Discharge by Vehumet.
  7506 | D:6      | Reached ** piety under Vehumet
  7646 | D:6      | Found a runed translucent door.
  7647 | D:6      | Noticed Crazy Yiuf
  7737 | D:6      | Killed Crazy Yiuf
  7963 | D:7      | Found an iron altar of Okawaru.
  8070 | D:7      | Reached XP level 10. HP: 66/77 MP: 24/24
  8075 | D:7      | Reached skill level 5 in Short Blades
  8075 | D:7      | Reached skill level 5 in Long Blades
  8075 | D:7      | Reached skill level 5 in Axes
  8075 | D:7      | Reached skill level 5 in Maces & Flails
  8075 | D:7      | Reached skill level 5 in Polearms
  8075 | D:7      | Reached skill level 5 in Staves
  8075 | D:7      | Reached skill level 5 in Ranged Weapons
  8075 | D:7      | Reached skill level 5 in Throwing
  8075 | D:7      | Reached skill level 5 in Stealth
  8075 | D:7      | Reached skill level 5 in Shields
  8075 | D:7      | Reached skill level 5 in Unarmed Combat
  8075 | D:7      | Reached skill level 5 in Evocations
  8288 | D:7      | Identified the +5 leather armour "Emafung" {rC- rN+ Int+4}
  8367 | D:7      | Learned a level 3 spell: Mephitic Cloud
  8371 | D:7      | Learned a level 3 spell: Stone Arrow
  8679 | D:7      | Found a hazy altar of Hepliaklqana.
  9227 | D:8      | Offered knowledge of Hailstorm by Vehumet.
  9272 | D:8      | Reached *** piety under Vehumet
  9334 | D:8      | Found a radiant altar of Vehumet.
  9407 | D:8      | Identified the staff of zazu2006's Quick Death {rElec rF+
                  | Str+6 Int-3 Dex+2 Air}
  9744 | D:9      | Reached skill level 11 in Spellcasting
  9770 | D:9      | Offered knowledge of Ignite Poison by Vehumet.
 10161 | D:9      | Found a snail-covered altar of Cheibriados.
 10195 | D:9      | Reached XP level 11. HP: 84/84 MP: 19/26
 10692 | D:9      | Reached skill level 5 in Conjurations
 10692 | D:9      | Reached skill level 5 in Hexes
 10692 | D:9      | Reached skill level 5 in Summonings
 10692 | D:9      | Reached skill level 5 in Necromancy
 10692 | D:9      | Reached skill level 5 in Translocations
 10692 | D:9      | Reached skill level 5 in Transmutations
 10692 | D:9      | Reached skill level 5 in Fire Magic
 10692 | D:9      | Reached skill level 5 in Ice Magic
 10692 | D:9      | Reached skill level 5 in Air Magic
 10692 | D:9      | Reached skill level 5 in Earth Magic
 10692 | D:9      | Reached skill level 5 in Poison Magic
 10692 | D:9      | Reached skill level 5 in Shapeshifting
 10830 | D:10     | Entered Level 10 of the Dungeon
 10830 | D:10     | Noticed a two-headed ogre
 10839 | D:10     | Killed a two-headed ogre
 10950 | D:10     | Noticed Maggie
 10957 | D:10     | Killed Maggie
 10960 | D:10     | Noticed Joseph
 10999 | D:10     | Killed Joseph
 11218 | D:10     | Reached **** piety under Vehumet
 11485 | D:10     | Offered knowledge of Irradiate by Vehumet.
 11671 | D:10     | Found a staircase to the Lair.
 11813 | D:10     | Found a burning altar of Makhleb.
 12091 | D:11     | Found Tegiso's Book Shoppe.
 12536 | D:11     | Noticed a manticore
 12546 | D:11     | Killed a manticore
 12774 | D:11     | Noticed a manticore
 12780 | D:11     | Killed a manticore
 13077 | D:11     | Noticed Psyche
 13084 | D:11     | Killed Psyche
 13322 | D:12     | Reached XP level 12. HP: 94/94 MP: 18/27
 13386 | D:12     | Identified a scroll of acquirement
 13389 | D:12     | Acquired 848 gold pieces
 13475 | D:12     | Found a frozen archway.
 13494 | IceCv    | Entered an ice cave
 14150 | IceCv    | Learned a level 5 spell: Irradiate
 14931 | IceCv    | Learned a level 5 spell: Fireball
 15665 | IceCv    | Gained mutation: You are clumsy. (Dex -2) [mutagenic glow]
 15859 | IceCv    | Noticed a reaper
 15925 | IceCv    | Lost mutation: You are clumsy. (Dex -2) [potion of
                  | mutation]
 15925 | IceCv    | Gained mutation: You are partially covered in iridescent
                  | scales. (AC +2) [potion of mutation]
 15925 | IceCv    | Gained mutation: Your flesh is cold resistant. (rC+)
                  | [potion of mutation]
 15957 | IceCv    | Demolished by a reaper

Illustrated notes

Levels and vault maps discovered:
D:1:      beargit_arrival_diablo_church, layout_loops_corners,
          minmay_tetromino_i4
D:2:      layout_rooms, minmay_lizard_pond
D:3:      cheibrodos_greedy_goblins, layout_loops_cross, marbit_many_paths,
          nicolae_ecumenical_oubliette
D:4:      layout_basic, tso_oasis_becter, minivault_23,
          nicolae_elevator_lobby_asterisk
D:5:      layout_loops_ring
D:6:      minmay_razor_zed, layout_loops_ring, nicolae_overflow_two_pavilions,
          minmay_temple_entry_crystal_x, minmay_bent, uniq_crazy_yiuf_cottage
D:7:      layout_basic, overflow_temple_1_default, mainiacjoe_overflow_alcove_4
D:8:      layout_rooms, minmay_ruined_shrine
D:9:      layout_long_grid, cheibrodos_worm_habitat
D:10:     layout_irregular_city, bloody_makhleb, hellmonk_lair_entry_icy,
          uniq_joseph, uniq_maggie
D:11:     layout_basic, serial_shops, shop, uniq_psyche
D:12:     layout_basic, david_orc_2, serial_ice, serial_ice_h, serial_ice_o,
          serial_ice_c, serial_ice_k, portal_ice_cave_entry_pillars_2
IceCv:    ice_cave_tombish

Skill      XL: |  1  2  3  4  5  6  7  8  9 10 11 12 |
---------------+-------------------------------------+-----
Spellcasting   | 10 11 | 11.9
Invocations    | 1 2 3 4 5 6 7 8 |  8.3
Short Blades   | 1 2 3 4 5 6 7 |  7.5
Long Blades    | 1 2 3 4 5 6 7 |  7.5
Axes           | 1 2 3 4 5 6 7 |  7.5
Maces & Flails | 1 2 3 4 5 6 7 |  7.5
Polearms       | 1 2 3 4 5 6 7 |  7.5
Staves         | 1 2 3 4 5 6 7 |  7.5
Ranged Weapons | 1 2 3 4 5 6 7 |  7.5
Throwing       | 1 2 3 4 5 6 7 |  7.5
Stealth        | 1 2 3 4 5 6 7 |  7.5
Shields        | 1 2 3 4 5 6 7 |  7.5
Unarmed Combat | 1 2 3 4 5 6 7 |  7.5
Evocations     | 1 2 3 4 5 6 7 |  7.5
Conjurations   | 1 2 3 4 5 6 |  6.2
Hexes          | 1 2 3 4 5 6 |  6.2
Summonings     | 1 2 3 4 5 6 |  6.2
Necromancy     | 1 2 3 4 5 6 |  6.2
Translocations | 1 2 3 4 5 6 |  6.2
Transmutations | 1 2 3 4 5 6 |  6.2
Fire Magic     | 1 2 3 4 5 6 |  6.2
Ice Magic      | 1 2 3 4 5 6 |  6.2
Air Magic      | 1 2 3 4 5 6 |  6.2
Earth Magic    | 1 2 3 4 5 6 |  6.2
Poison Magic   | 1 2 3 4 5 6 |  6.2
Shapeshifting  | 1 2 3 4 5 6 |  6.2
Fighting       | 5 6 7 8 |  8.9
Armour         | 5 6 7 8 |  8.9
Dodging        | 5 6 7 8 |  8.9

Action                     |  1- 3 |  4- 6 |  7- 9 | 10-12 || total
---------------------------+-------+-------+-------+-------++-------
  Melee: Club              |   222 |       |       |       ||   222
         Bite              |    20 |    12 |    49 |    69 ||   150
         Punch             |     2 |     6 |    10 |    25 ||    43
         Long sword        |     1 |   214 |   234 |       ||   449
         Scimitar          |       |       |   189 |   503 ||   692
         Morningstar       |       |       |       |     1 ||     1
  Throw: Dart              |       |    28 |    45 |       ||    73
   Cast: Foxfire           |       |       |    22 |    83 ||   105
         Mephitic Cloud    |       |       |       |    39 ||    39
         Stone Arrow       |       |       |       |   111 ||   111
         Fireball          |       |       |       |     7 ||     7
         Irradiate         |       |       |       |     3 ||     3
  Evoke: Wand              |       |       |     8 |    10 ||    18
    Use: Scroll            |       |       |    13 |    11 ||    24
         Potion            |       |       |     4 |     2 ||     6
   Stab: Confused          |       |       |       |    25 ||    25
         Sleeping          |       |       |       |     1 ||     1
         Paralysed         |       |       |       |    10 ||    10
 Armour: Chain mail        |   172 |   116 |   348 |    14 ||   650
         Skin              |       |       |    38 |       ||    38
         Leather armour    |       |       |       |   131 ||   131
         Swamp dragon scal |       |       |       |   137 ||   137
  Dodge: Dodged            |    98 |    86 |   227 |   440 ||   851

Table legend: (Time is in decaauts)
 A = Elapsed time spent in this place.
 B = Non-inter-level travel time spent in this place.
 C = Inter-level travel time spent in this place.
 D = Time resting spent in this place.
 E = Time spent auto-exploring this place.
 F = Levels seen in this place.
 G = Mean time per level.
                   A        B        C        D        E       F      G
               +--------+--------+--------+--------+--------+-----+--------+
         Total |  16232 |  15812 |    420 |   2966 |   9058 |  13 | 1248.6 |
       Dungeon |  13768 |  13348 |    420 |   1163 |   8786 |  12 | 1147.3 |
      Ice Cave |   2464 |   2464 |      0 |   1803 |    272 |   1 | 2464.0 |
               +--------+--------+--------+--------+--------+-----+--------+

Top non-repeatable levels by time:
     D:6: 2509 daAuts
   IceCv: 2464 daAuts
     D:5: 1519 daAuts
     D:9: 1315 daAuts
    D:10: 1270 daAuts
    D:11: 1218 daAuts
     D:4: 1212 daAuts
     D:1: 1112 daAuts
     D:3: 1042 daAuts
     D:7: 958 daAuts
     D:8: 785 daAuts
     D:2: 637 daAuts
    D:12: 189 daAuts
